 Seeded DCSS version 0.30.0-13-g156ef70053 (webtiles) character file.

Game seed: 12816408295720546860 (custom seed)

10017 CInkIbrahim the Severer (level 11, -12/99 HPs)
             Began as a Minotaur Fighter on May 18, 2023.
             Was a Follower of the Shining One.
             Mangled by an ogre
             ... wielding a +0 giant club
             ... led by Lodul
              (17 damage)
             ... on level 11 of the Dungeon.
             The game lasted 00:18:12 (10655 turns).

CInkIbrahim the Severer (Minotaur Fighter)         Turns: 10655, Time: 00:18:12

Health: -12/99     AC: 21    Str: 27    XL:     11   Next: 30%
Magic:  10/10      EV:  7    Int:  4    God:    the Shining One [*.....]
Gold:   789        SH:  7    Dex: 20    Spells: 10/10 levels left

rFire   + . .        a - +0 war axe
rCold   . . .        c - +0 buckler
rNeg    . . .        x - +2 plate armour {rPois}
rPois   +            (helmet restricted)
rElec   .            i - +0 cloak
rCorr   .            (no gloves)
SInv    .            o - +0 pair of boots
Will    .....        I - amulet of Vanity {rPois Regen+ Str+3} Stlth
                     q - +6 ring of dexterity
HPRegen 1.16/turn    B - ring of protection from fire
MPRegen 0.12/turn

%: no passive effects
@: glowing
A: horns 2, retaliatory headbutt, iridescent scales 1, agile 1
a: Renounce Religion, Divine Shield


You were on level 11 of the Dungeon.
You worshipped the Shining One.
The Shining One was aware of your devotion.
You visited 2 branches of the dungeon, and saw 12 of its levels.

You collected 789 gold pieces.

Inventory:

Hand Weapons
 a - a +0 war axe (weapon)
 b - a +3 scimitar of flaming
 D - a +1 glaive
 F - a +1 hand axe of venom
Missiles
 e - 31 poisoned darts (quivered)
 y - a silver boomerang
 E - 2 throwing nets
 L - a curare-tipped dart
Armour
 c - a +0 buckler (worn)
 i - a +0 cloak (worn)
 n - a +2 robe of fire resistance
 o - a +0 pair of boots (worn)
 p - a +0 kite shield
 t - a +0 scale mail
 x - a +2 plate armour of poison resistance (worn)
 J - a +0 troll leather armour
Jewellery
 q - a +6 ring of dexterity (left hand)
 z - a ring of poison resistance
 B - a ring of protection from fire (right hand)
 H - a ring of ice
 I - the amulet of Vanity (around neck) {rPois Regen+ Str+3}
   (You acquired it on level 10 of the Dungeon)

   [amulet of regeneration]

   Str:       It affects your strength (+3).
   rPois:     It protects you from poison.
   Regen:     It increases your rate of health regeneration.
 K - an amulet of the acrobat
Wands
 m - a wand of flame (39)
Scrolls
 d - 4 scrolls of vulnerability
 f - a scroll of magic mapping
 h - 6 scrolls of teleportation
 k - 3 scrolls of fear
 r - 3 scrolls of enchant weapon
 v - 2 scrolls of amnesia
 C - a scroll of poison
Potions
 g - a potion of haste
 j - 6 potions of curing
 l - 4 potions of flight
 s - 2 potions of lignification
 u - 2 potions of mutation
 w - a potion of ambrosia
 A - a potion of brilliance
 G - 2 potions of heal wounds


   Skills:
 + Level 9.7 Fighting
 - Level 16.0 Axes
 + Level 9.6 Armour
 + Level 7.2 Shields


You had 10 spell levels left.
You didn't know any spells.
Your spell library contained the following spells:

 Spells                   Type           Power      Damage    Failure   Level
 Apportation              Tloc           0%         N/A       99%         1
 Necrotise                Necr           0%         1d4       99%         1
 Shock                    Conj/Air       0%         1d3       99%         1
 Slow                     Hex            0%         N/A       99%         1
 Summon Small Mammal      Summ           0%         N/A       99%         1
 Ensorcelled Hibernation  Hex/Ice        0%         N/A       100%        2
 Lesser Beckoning         Tloc           0%         N/A       100%        2
 Confusing Touch          Hex            0%         N/A       100%        3
 Gell's Gravitas          Tloc           0%         N/A       100%        3
 Spider Form              Tmut/Pois      0%         N/A       100%        3
 Swiftness                Air            0%         N/A       100%        3
 Teleport Other           Tloc           0%         N/A       100%        3
 Vampiric Draining        Necr           0%         2d6       100%        3
 Airstrike                Air            0%         2d(0-16)  100%        4
 Anguish                  Hex/Necr       0%         N/A       100%        4
 Petrify                  Tmut/Erth      0%         N/A       100%        4
 Fireball                 Conj/Fire      0%         3d3       100%        5
 Iskenderun's Battlesphe  Conj           0%         2d6       100%        5
 Metabolic Englaciation   Hex/Ice        0%         N/A       100%        5
 Conjure Ball Lightning   Conj/Air       0%         3x3d6     100%        6
 Statue Form              Tmut/Erth      0%         N/A       100%        6
 Orb of Destruction       Conj           0%         9d5       100%        7


Dungeon Overview and Level Annotations

Branches:
Dungeon (11/15)            Temple (1/1) D:6            Lair (0/5) D:8
    Orc: D:9-12

Altars:
Ashenzari
Dithmenos
Elyvilon
Fedhas
Gozag
Hepliaklqana
Kikubaaqudgha
Makhleb
Nemelex Xobeh
Okawaru
Qazlal
Ru
Sif Muna
Trog
Uskayaw
Vehumet
Wu Jian
Yredelemnul
Zin
The Shining One

Annotations:
D:9 2 runed translucent doors
D:10 1 runed translucent door, turdburglar's ghost, journeyman AtFi
D:11 Lodul


Innate Abilities, Weirdness & Mutations

You have a pair of horns on your head.
You reflexively headbutt those who attack you in melee.
You are partially covered in iridescent scales. (AC +2)
You are agile. (Dex +4, Str/Int -1)


Message History

The ogre hits you but does no damage. x2
You hit the ogre but do no damage. You headbutt the ogre!
You kill the ogre!
You hit the ogre. You completely miss the ogre. x2
You block the ogre's attack. The ogre barely misses you.
You hit the ogre. You headbutt the ogre.
The ogre is severely wounded.
You barely miss the ogre. You hit the ogre but do no damage.
You block the ogre's attack.
You slash the ogre!
You kill the ogre!
You slash the ogre! You hit the ogre. The ogre hits you but does no damage.
The ogre barely misses you.
You slash the ogre!
You kill the ogre!
You hit the ogre. You slash the ogre!
You kill the ogre!
No target in view!
No target in view!
No target in view!
No target in view!
No target in view!
You start resting.
HP restored.
You start resting.
HP restored.
You climb downwards.
Level annotation: Lodul The ogre hits you with a +0 giant club!!
The ogre hits you with a +0 giant club! x2
There is a stone staircase leading up, spattered with blood here.
The ogre hits you with a +0 giant club!
Electricity crackles from Lodul's apparatus.
The bolt of lightning hits you!
* * * LOW HITPOINT WARNING * * *
The ogre hits you with a +0 giant club!!
* * * LOW HITPOINT WARNING * * *
The ogre hits you with a +0 giant club!
You die...

### #######......
#............ #...........
#.........#######
############.........#......
...........[[...O....#......
..........O@O)O......#OOO...
..........O..........#.O....
...........####'##...'OO....
..........<#.....#...######.
...........#.....#........#
.#########.#.....#..........
#.#######.......... #..
............ #..^
............##


You could see Lodul and 4 ogres.

Vanquished Creatures
  Erica (D:8)
  A centaur warrior (D:8)
  Pikel (D:5)
  An ugly thing (D:8)
  Maurice (D:8)
  Maggie (D:8)
  A kobold demonologist (D:11)
  An unseen horror (D:11)
  Psyche (D:11)
  A troll (D:11)
  9 yaks
  A shadow (D:10)
  2 wyverns
  Grum (D:8)
  A vampire mosquito (D:8)
  2 acid dragons
  Duvessa (D:5)
  Edmund (D:5)
  A water moccasin (D:6)
  2 ice beasts
  A black bear (D:5)
  2 centaurs (D:9)
  6 ogres
  4 wolves (D:8)
  A phantom (D:4)
  5 kobold brigands
  3 bullfrogs
  A gnoll sergeant (D:8)
  3 scorpions
  3 wights (D:9)
  8 killer bees
  Dowan (D:5)
  A howler monkey (D:8)
  3 hounds
  3 jellies
  Crazy Yiuf (D:3)
  6 orc priests
  A gnoll bouda (D:9)
  Terence (D:2)
  3 iguanas
  8 orc wizards
  7 adders
  22 gnolls
  2 shadow imps
  A worm (D:2)
  3 dart slugs
  28 orcs
  5 bats
  7 endoplasms
  4 giant cockroaches
  2 goblins
  12 hobgoblins
  3 quokkas
  9 ball pythons
  7 frilled lizards
  12 kobolds
  5 rats
225 creatures vanquished.

Notes
Turn   | Place    | Note
-------+----------+-------------------------------------------
     0 | D:1      | CInkIbrahim the Minotaur Fighter began the quest for the
                  | Orb.
     0 | D:1      | Reached XP level 1. HP: 19/19 MP: 0/0
   179 | D:1      | Reached skill level 3 in Axes
   247 | D:1      | Reached XP level 2. HP: 26/26 MP: 1/1
   580 | D:1      | Reached skill level 4 in Axes
   610 | D:1      | Found a faded altar of an unknown god.
  1234 | D:2      | Reached XP level 3. HP: 31/31 MP: 2/2
  1510 | D:2      | Reached skill level 5 in Axes
  1515 | D:2      | Reached XP level 4. HP: 35/39 MP: 3/3
  1596 | D:2      | Noticed Terence
  1604 | D:2      | Killed Terence
  1820 | D:3      | Reached skill level 6 in Axes
  1845 | D:3      | Gained mutation: You are agile. (Dex +4, Str/Int -1)
                  | [potion of mutation]
  1845 | D:3      | Gained mutation: You are partially covered in iridescent
                  | scales. (AC +2) [potion of mutation]
  1856 | D:3      | Found a shadowy altar of Dithmenos.
  1873 | D:3      | Reached XP level 5. HP: 40/45 MP: 4/4
  2092 | D:3      | Reached skill level 7 in Axes
  2319 | D:3      | Found a runed translucent door.
  2320 | D:3      | Noticed Crazy Yiuf
  2492 | D:3      | Killed Crazy Yiuf
  2878 | D:4      | Reached XP level 6. HP: 51/51 MP: 5/5
  3021 | D:4      | Reached skill level 8 in Axes
  3374 | D:5      | Entered Level 5 of the Dungeon
  3374 | D:5      | Noticed Pikel
  3374 | D:5      | Noticed Duvessa
  3374 | D:5      | Noticed Dowan
  3395 | D:4      | Reached skill level 9 in Axes
  3518 | D:5      | Reached XP level 7. HP: 48/57 MP: 6/6
  3622 | D:5      | Reached skill level 10 in Axes
  3724 | D:5      | Killed Dowan
  3740 | D:5      | Killed Pikel
  3741 | D:5      | Reached skill level 12 in Axes
  3741 | D:5      | Reached XP level 8. HP: 31/64 MP: 7/7
  3761 | D:5      | Killed Duvessa
  3771 | D:5      | Reached skill level 13 in Axes
  4063 | D:5      | Noticed Edmund
  4071 | D:5      | Killed Edmund
  4189 | D:5      | Found a sparkling altar of Nemelex Xobeh.
  4742 | D:6      | Reached XP level 9. HP: 70/71 MP: 8/8
  4823 | D:6      | Found a staircase to the Ecumenical Temple.
  4840 | Temple   | Entered the Ecumenical Temple
  4914 | Temple   | Became a worshipper of the Shining One
  5067 | D:6      | Reached skill level 14 in Axes
  5426 | D:7      | Found an ancient bone altar of Kikubaaqudgha.
  5428 | D:7      | Found a hide-covered altar of Uskayaw.
  5574 | D:7      | Found a stormy altar of Qazlal.
  5705 | D:7      | Found a burning altar of Makhleb.
  6699 | D:8      | Noticed Erica
  6702 | D:8      | Found a hazy altar of Hepliaklqana.
  6716 | D:8      | Killed Erica
  6717 | D:8      | Reached skill level 5 in Fighting
  6717 | D:8      | Reached skill level 5 in Armour
  6835 | D:8      | Noticed Maggie
  6851 | D:8      | Killed Maggie
  6852 | D:8      | Reached skill level 15 in Axes
  7072 | D:8      | Noticed a white ugly thing
  7073 | D:8      | Noticed a centaur warrior
  7084 | D:8      | Killed a white ugly thing
  7085 | D:8      | Reached skill level 5 in Shields
  7085 | D:8      | Reached XP level 10. HP: 31/83 MP: 9/9
  7102 | D:8      | Killed a centaur warrior
  7349 | D:8      | Found a staircase to the Lair.
  7389 | D:8      | Noticed Maurice
  7435 | D:8      | Noticed Grum
  7574 | D:8      | Killed Grum
  7663 | D:8      | Killed Maurice
  7728 | D:8      | Found a basalt altar of Yredelemnul.
  8209 | D:9      | Reached skill level 16 in Axes
  8440 | D:9      | Reached * piety under the Shining One
  8734 | D:9      | Found a large runed translucent door.
  8735 | D:9      | Found a large runed translucent door.
  9122 | D:10     | Entered Level 10 of the Dungeon
  9346 | D:10     | Reached XP level 11. HP: 77/95 MP: 10/10
  9460 | D:10     | Found a glowing silver altar of Zin.
  9643 | D:10     | Found a runed translucent door.
  9644 | D:10     | Found a sacrificial altar of Ru.
  9736 | D:10     | Identified a scroll of acquirement
  9737 | D:10     | Acquired the amulet of Vanity {rPois Regen+ Str+3}
  9762 | D:10     | Noticed a spriggan rider
  9764 | D:10     | Noticed turdburglar's ghost (journeyman AtFi)
  9783 | D:10     | Identified the +3 spear of Tousagh {speed, Fragile Fly rC+
                  | Int+2}
 10344 | D:11     | Noticed a sun demon
 10461 | D:11     | Noticed a soul eater
 10473 | D:11     | Noticed Psyche
 10496 | D:11     | Killed Psyche
 10547 | D:11     | Noticed Lodul
 10655 | D:11     | Mangled by an ogre

Illustrated notes

Levels and vault maps discovered:
D:1:      sevenhm_arrival_forest_fort_large_2, layout_loops_corners,
          serial_forest, infiniplex_forest_diagonal,
          infiniplex_forest_clump_medium, infiniplex_forest_straight_3,
          infiniplex_forest_straight_2, infiniplex_forest_lined_2,
          infiniplex_forest_clump_curved, infiniplex_forest_lined_2,
          nicolae_ecumenical_snake_handling, grunt_decor_resistance,
          minivault_27, fountainhead
D:2:      layout_rooms, minmay_misc_feat_encased, uniq_terence
D:3:      layout_rooms, nicolae_dithmenos_the_darkroom, uniq_crazy_yiuf_cottage
D:4:      layout_loops_ring
D:5:      layout_rooms, old_standard_altar, nicolae_fountain_basement,
          uniq_pikel, uniq_duvessa, uniq_edmund
D:6:      layout_basic, minmay_temple_entry_junction_2
D:7:      layout_layer_cave, mainiacjoe_overflow_brackets, bloody_makhleb,
          chequers_temple_overflow_statue_of_worship, kennysheep_generic_room_4
D:8:      layout_rooms, mainiacjoe_overflow_alcove_1,
          nicolae_hepliaklqana_hazy_memory, dpeg_oklobed_lair, kb_rosetta,
          uniq_grum, uniq_maurice, uniq_maggie, uniq_erica
D:9:      layout_rooms, jmf_multi_god_temple2, kennysheep_generic_room_3
D:10:     layout_cave_pools, nicolae_ru_sacrificial_ziggurat,
          amcnicky_altar_gilded, ebering_ghost_funeral_grove
D:11:     layout_irregular_city, ebering_ghost_rock_garden, uniq_sonja,
          uniq_lodul, uniq_psyche
Temple:   eino_temple_lava

Skill      XL: |  1  2  3  4  5  6  7  8  9 10 11 |
---------------+----------------------------------+-----
Axes           | 3 4 5 6 7 9 12 13 15 16 | 16.0
Armour         | 6 8 9 |  9.6
Fighting       | 6 8 9 |  9.7
Shields        | 5 6 7 |  7.2

Action                     |  1- 3 |  4- 6 |  7- 9 | 10-12 || total
---------------------------+-------+-------+-------+-------++-------
  Melee: War axe           |    80 |   124 |   221 |   212 ||   637
         Headbutt          |     4 |    25 |    37 |    54 ||   120
    Use: Scroll            |     3 |     5 |     8 |     7 ||    23
         Potion            |       |     2 |     6 |     4 ||    12
 Armour: Scale mail        |    35 |    60 |    22 |       ||   117
         Skin              |       |       |    26 |    19 ||    45
         Plate armour      |       |       |    65 |   126 ||   191
  Dodge: Dodged            |    49 |    58 |    38 |    64 ||   209
  Block: Buckler           |    21 |    42 |    53 |    75 ||   191
